 Dungeon Crawl Stone Soup version 0.21-a0-509-gecc5317 (webtiles) character file.

142 tof the Twirler (level 5, -1/40 HPs)
             Began as a Demonspawn Gladiator on Nov 30, 2017.
             Slain by an orc wizard
             ... wielding a +2 dagger of pain
              (3 damage)
             ... on level 3 of the Dungeon.
             The game lasted 00:05:19 (2728 turns).

tof the Twirler (Demonspawn Gladiator)              Turns: 2728, Time: 00:05:20

Health: -1/40      AC:  4    Str: 14    XL:     5   Next: 4%
Magic:  0/5        EV: 13    Int:  9    God:
Gold:   111        SH:  0    Dex: 16    Spells: 4/4 levels left

rFire    . . .     SeeInvis .   a - +0 quarterstaff
rCold    . . .     Gourm    .   (shield currently unavailable)
rNeg     . . .     Faith    .   b - +0 leather armour
rPois    .         Spirit   +   c - +0 helmet
rElec    .         Reflect  .   (no cloak)
rCorr    .         Harm     .   (no gloves)
MR       .....                  (no boots)
Stlth    +.........             (no amulet)
HPRegen  0.13/turn              (no ring)
MPRegen  0.18/turn              (no ring)

@: no status effects
A: magic shield, magic regeneration
a: no special abilities


You were on level 3 of the Dungeon.
You were not hungry.

You visited 1 branch of the dungeon, and saw 3 of its levels.

You collected 111 gold pieces.

Inventory:

Hand Weapons
 a - a +0 quarterstaff (weapon)
Missiles
 d - 2 throwing nets
 g - 2 tomahawks (quivered)
Armour
 b - a +0 leather armour (worn)
 c - a +0 helmet (worn)
Scrolls
 h - 2 scrolls of teleportation {unknown}
 i - 4 scrolls of identify {unknown}
 j - 3 scrolls of blinking {unknown}
 k - 4 scrolls of remove curse {unknown}
 l - 2 scrolls of enchant weapon {unknown}
 o - a scroll of fog {unknown}
Comestibles
 f - 2 bread rations
 m - 7 chunks of flesh
 n - 3 fruits
 p - a meat ration


   Skills:
 + Level 2.9 Fighting
 * Level 3.9 Staves
 - Level 1.7 Throwing
 + Level 1.6 Armour
 + Level 3.3 Dodging


You had 4 spell levels left.
You didn't know any spells.

Dungeon Overview and Level Annotations

Branches:
Dungeon (3/15)

Altars:


Innate Abilities, Weirdness & Mutations

When hurt, damage is shared between your health and your magic reserves.
You regenerate magic rapidly.


Message History

The orc wizard hits you with a dagger of pain.
You barely miss the orc priest.
The orc priest is lightly wounded.
The orc hits you with a flail. The orc priest hits you with a flail.
The orc hits you but does no damage.
The orc wizard hits you but does no damage.
You writhe in agony.
* * * LOW HITPOINT WARNING * * *
You closely miss the orc priest.
The orc priest is lightly wounded.
The orc barely misses you. The orc priest hits you with a flail.
* * * LOW HITPOINT WARNING * * *
The orc hits you with a flail!
* * * LOW HITPOINT WARNING * * *
The orc wizard mumbles some strange words.
The orc wizard seems to speed up.
You hit the orc priest.
The orc priest is lightly wounded.
The orc wizard hits you with a dagger of pain.
You die...

.. .!.> ... . ##.#
# ..#...##.
........#########.
#.......@oK.....
##.....ooog.....
....#..##########
## #<.# ####


You could see an orc priest, an orc wizard, 2 orcs, a goblin and a kobold.

Vanquished Creatures
  A worker ant (D:2)
  4 adders (D:2)
  An ooze (D:1)
  2 worms (D:2)
  3 dart slugs
  3 leopard geckos (D:2)
  4 giant cockroaches
  4 goblins
  11 hobgoblins
  A quokka (D:2)
  7 ball pythons
  6 bats
  3 frilled lizards (D:1)
  9 kobolds
  7 rats
66 creatures vanquished.

Notes
Turn   | Place    | Note
-------+----------+-------------------------------------------
     0 | D:1      | tof the Demonspawn Gladiator began the quest for the Orb.
     0 | D:1      | Reached XP level 1. HP: 16/16 MP: 1/1
   197 | D:1      | Gained mutation: When hurt, damage is shared between your health and your magic reserves. [demonic ancestry]
   197 | D:1      | Reached XP level 2. HP: 21/22 MP: 2/2
   595 | D:1      | Reached XP level 3. HP: 25/28 MP: 3/3
  1080 | D:2      | Reached skill level 1 in Armour
  1365 | D:2      | Gained mutation: You regenerate magic rapidly. [demonic ancestry]
  1365 | D:2      | Reached XP level 4. HP: 20/34 MP: 2/4
  2381 | D:2      | HP: 1/34 [giant cockroach (1)]
  2673 | D:2      | Reached XP level 5. HP: 40/40 MP: 5/5
  2727 | D:3      | HP: 2/40 [orc/flail (7)]
  2728 | D:3      | Slain by an orc wizard

Vault maps used:
D:1:      minmay_arrival_shattered_statue
D:2:      minmay_shallow_snake_nest
D:3:      kennysheep_vampire_church, elyvilon_altar_4,
          nicolae_overflow_hidden_temple, first_bread, supply_closet_lemuel,
          uniq_crazy_yiuf_cottage, uniq_sigmund

Skill      XL: |  1  2  3 |
---------------+----------+-----
Staves         | 3 |  3.9
Dodging        | 3 |  3.3
Armour         | 1 |  1.6
Fighting       | |  2.9
Throwing       | |  1.7

Action                   |  1- 3 |  4- 6 || total
-------------------------+-------+-------++-------
Melee: Quarterstaff      |   116 |    84 ||   200
Throw: Tomahawk          |    22 |     8 ||    30
       Throwing net      |     2 |     1 ||     3
  Use: Potion            |       |     2 ||     2
 Stab: Sleeping          |       |     1 ||     1
  Eat: Chunk             |     2 |     4 ||     6
Armor: Leather armour    |    38 |    21 ||    59
Dodge: Dodged            |    96 |    78 ||   174

Table legend:
 A = Spawn XP
 B = Non-spawn XP
 C = Spawn XP percentage of total XP
 D = Spawn monster count
 E = Non-spawn monster count
 F = Spawn count percentage of total count
 G = Total turns spent on level
                    A         B        C        D         E        F      G
               +---------+---------+-------+---------+---------+-------+---------
         Total |       0 |     204 |   0.0 |       0 |      66 |   0.0 |  2728
               +---------+---------+-------+---------+---------+-------+---------
           D:1 |       0 |      54 |   0.0 |       0 |      31 |   0.0 |  1011
           D:2 |       0 |     150 |   0.0 |       0 |      35 |   0.0 |  1704
               +---------+---------+-------+---------+---------+-------+---------
